 Dungeon Crawl Stone Soup version 0.30-a0-218-gedb9141078 (webtiles) character file.

Game seed: 16570760297818229002

283 27heaven the Cleaver (level 6, -4/51 HPs)
             Began as a Hill Orc Fighter on Oct 5, 2022.
             Was a Follower of Okawaru.
             Slain by Blork the orc
             ... wielding a +0 war axe
              (9 damage)
             ... on level 5 of the Dungeon.
             The game lasted 00:04:17 (3296 turns).

27heaven the Cleaver (Hill Orc Fighter)             Turns: 3296, Time: 00:04:18

Health: -4/51      AC:  8    Str: 21    XL:     6   Next: 28%
Magic:  6/6        EV:  9    Int:  8    God:    Okawaru [*.....]
Gold:   268        SH:  4    Dex: 10    Spells: 5/5 levels left

rFire   + . .      SeeInvis +    a - +0 war axe
rCold   . . .      Faith    .    c - +0 buckler
rNeg    . . .      Spirit   .    b - +0 scale mail
rPois   .          Reflect  .    k - +0 helmet
rElec   .          Harm     .    (no cloak)
rCorr   .          Rampage  .    (no gloves)
Will    .....                    (no boots)
Stlth   ..........               (no amulet)
HPRegen 0.28/turn                l - ring of protection from fire
MPRegen 0.10/turn                r - ring of see invisible

@: lethally poisoned (-4 -> -27)
A: no striking features
a: Renounce Religion, Heroism


You were on level 5 of the Dungeon.
You worshipped Okawaru.
Okawaru was aware of your devotion.
You visited 1 branch of the dungeon, and saw 5 of its levels.

You collected 268 gold pieces.

Inventory:

Hand Weapons
 a - a +0 war axe (weapon)
 w - the +6 flail of Regicide {drain, rElec rPois Int-3 Dex+4}
   (You found it on level 4 of the Dungeon)

   A truly terrible weapon, it drains the life of any living foe it strikes.
   Int:       It affects your intelligence (-3).
   Dex:       It affects your dexterity (+4).
   rElec:     It insulates you from electricity.
   rPois:     It protects you from poison.
Missiles
 y - a throwing net (quivered)
Armour
 b - a +0 scale mail (worn)
 c - a +0 buckler (worn)
 k - a +0 helmet (worn)
Jewellery
 l - a ring of protection from fire (left hand)
 r - a ring of see invisible (right hand)
Scrolls
 g - 2 scrolls of teleportation {unknown}
 h - a scroll of silence {unknown}
 i - a scroll of magic mapping {unknown}
 j - a scroll of butterflies {unknown}
 n - 5 scrolls of identify {unknown}
 p - 2 scrolls of enchant armour {unknown}
 s - a scroll of acquirement {unknown}
 t - a scroll of immolation {unknown}
 x - a scroll of blinking {unknown}
Potions
 d - a potion of might
 e - a potion of brilliance {unknown}
 f - 2 potions of haste {unknown}
 m - 2 potions of invisibility {unknown}
 o - a potion of heal wounds {unknown}
 q - a potion of berserk rage {unknown}
 u - 2 potions of lignification {unknown}
 v - a potion of degeneration {unknown}


   Skills:
 - Level 3.6 Fighting
 + Level 8.5 Axes
 - Level 3.2 Armour
 - Level 3.2 Shields


You had 5 spell levels left.
You didn't know any spells.
Your spell library contained the following spells:

 Spells                   Type           Power      Damage    Failure   Level
 Kiss of Death            Conj/Necr      0%         2d5       83%         1
 Sandblast                Erth           0%         2d4       83%         1
 Passwall                 Tmut/Erth      0%         N/A       93%         2
 Stone Arrow              Conj/Erth      0%         3d7       99%         3
 Sticky Flame             Conj/Fire      0%         2d3       100%        4
 Conjure Ball Lightning   Conj/Air       0%         3x3d6     100%        6
 Chain Lightning          Conj/Air       0%         N/A       100%        9


Dungeon Overview and Level Annotations

Branches:
Dungeon (5/15)
 Temple: D:4-7

Altars:
Ashenzari
Okawaru
Vehumet
Yredelemnul
Zin

Shops:
D:1 [!   D:2 ?*[:   D:4 (

Annotations:
D:5 Blork the orc


Message History

The scorpion is heavily wounded.
You hit Blork the orc.
You feel sick.
The scorpion stings you but does no damage.
Blork the orc hits you with a +0 war axe.
The scorpion stings you but does no damage.
You block Blork the orc's attack.
You hit Blork the orc.
Blork the orc is lightly wounded.
You barely miss the scorpion.
You feel sick. You block the scorpion's attack.
Blork the orc hits you with a +0 war axe!
Unknown command.
You barely miss Blork the orc.
Blork the orc is lightly wounded.
You hit the scorpion but do no damage.
You feel sick. You block the scorpion's attack.
Blork the orc hits you with a +0 war axe.
Unknown command.
You barely miss Blork the orc.
Blork the orc is lightly wounded.
You closely miss the scorpion.
You feel sick.
The scorpion stings you but does no damage.
Blork the orc hits you with a +0 war axe.
The scorpion stings you.
* * * LOW HITPOINT WARNING * * *
You are more poisoned.
The scorpion poisons you!
You barely miss Blork the orc.
Blork the orc is lightly wounded.
You hit the scorpion.
* * * LOW HITPOINT WARNING * * *
You feel very sick.
Blork the orc hits you with a +0 war axe.
* * * LOW HITPOINT WARNING * * *
The scorpion stings you.
* * * LOW HITPOINT WARNING * * *
You are more poisoned.
The scorpion poisons you! Blork the orc attacks as you move away!
Blork the orc hits you with a +0 war axe!
You die...

###########
#.........#
#.?.......#
#.........#
####.........#
#s@..........#
......o##.........#
...##.. #.........#
. #.. #.........#
.. #..##.........#
#.##..######.#####
# #.......# #...#
.##.......#
####.####
..........#
#.......#


You could see Blork the orc and a scorpion.

Vanquished Creatures
  A black bear (D:4)
  3 iguanas
  A gnoll (D:1)
  2 adders (D:2)
  6 worms
  A dart slug (D:2)
  2 orcs (D:3)
  8 ball pythons
  3 endoplasms
  4 giant cockroaches
  4 goblins
  8 hobgoblins
  5 jackals
  A quokka (D:1)
  3 training dummies (D:4)
  4 bats
  A frilled lizard (D:3)
  5 kobolds
  9 rats
71 creatures vanquished.

Notes
Turn   | Place    | Note
-------+----------+-------------------------------------------
     0 | D:1      | 27heaven the Hill Orc Fighter began the quest for the Orb.
     0 | D:1      | Reached XP level 1. HP: 19/19 MP: 1/1
   164 | D:1      | Reached skill level 3 in Axes
   190 | D:1      | Found Mengafu's Distillery.
   202 | D:1      | Reached skill level 4 in Axes
   202 | D:1      | Reached XP level 2. HP: 22/26 MP: 2/2
   249 | D:1      | Reached XP level 3. HP: 28/31 MP: 3/3
   528 | D:1      | Found Ylyuxtu's Armour Shoppe.
  1193 | D:2      | Reached skill level 5 in Axes
  1335 | D:2      | Reached XP level 4. HP: 39/39 MP: 4/4
  1503 | D:2      | Found Ziufarudd's Book Shop.
  1600 | D:2      | Found Taiseih's Antique Armour Emporium.
  1722 | D:2      | Found Pexacs's General Store.
  1733 | D:2      | Reached skill level 6 in Axes
  1834 | D:2      | Found a faded altar of an unknown god.
  1841 | D:2      | Prayed at the altar of an unknown god.
  1841 | D:2      | Became a worshipper of Warmaster Okawaru
  1841 | D:2      | Reached * piety under Okawaru
  1966 | D:2      | Found Kubofufia's Magic Scroll Shop.
  2278 | D:3      | Identified the +6 sling "Ulesch" {flame, rPois Str+6}
  2315 | D:3      | Found a broken altar of Ashenzari.
  2341 | D:3      | Found a basalt altar of Yredelemnul.
  2379 | D:3      | Found a glowing silver altar of Zin.
  2380 | D:3      | Noticed an angel
  2630 | D:4      | Found Peodir's Firing Range.
  2729 | D:4      | Found a radiant altar of Vehumet.
  2761 | D:4      | Identified the +6 flail of Regicide {drain, rElec rPois
                  | Int-3 Dex+4}
  2861 | D:4      | Got the Spellbook of Concussion
  2911 | D:4      | Reached skill level 7 in Axes
  2911 | D:4      | Reached XP level 5. HP: 24/45 MP: 5/5
  3225 | D:5      | Entered Level 5 of the Dungeon
  3225 | D:5      | Noticed a black bear
  3234 | D:4      | Killed a black bear
  3235 | D:4      | Reached skill level 8 in Axes
  3235 | D:4      | Reached XP level 6. HP: 45/51 MP: 6/6
  3284 | D:5      | Noticed Blork the orc
  3296 | D:5      | Slain by Blork the orc

Illustrated notes

Levels and vault maps discovered:
D:1:      dpeg_arrival_shelter, layout_basic, serial_co_window_serial,
          co_window_paths_b, co_window_corner_a, co_window_paths_a,
          co_window_corner_a, co_window_corner_a, co_window_paths_a,
          co_window_corner_a, co_window_cross_2, co_window_2corner,
          co_window_corner_b, co_window_broadway_b, co_window_4corner_a,
          co_window_paths_e, glass_columns_c, glass_columns_a, glass_columns_b,
          serial_shops, shop, shop, minmay_misc_feat_cross, minmay_misc_feat_x,
          minmay_tree_intersection, ebering_dispersal_statue_hall,
          minmay_misc_feat_ornament, chequers_serial_rivers_small_b
D:2:      layout_loops_ring, chequers_ecumenical_altar_simple, serial_shops,
          nicolae_shop_trees, nicolae_shop_advertising_works
          [nicolae_subvault_shop_adworks], nicolae_shop_crystal, shop,
          minmay_misc_feat_rows
D:3:      layout_loops_cross, zin_angel, mainiacjoe_overflow_alcove_1,
          general_overflow_altar
D:4:      layout_rooms, nicolae_vehumet_radiance, nicolae_shop_firing_range
D:5:      layout_loops_cross, elyvilon_altar_1, mainiacjoe_overflow_alcove_2,
          minmay_temple_entry_wispy, uniq_eustachio, uniq_blork_the_orc,
          uniq_edmund

Skill      XL: |  1  2  3  4  5 |
---------------+----------------+-----
Axes           | 4 5 7 8 |  8.5
Fighting       | |  3.6
Armour         | |  3.2
Shields        | |  3.2

Action                   |  1- 3 |  4- 6 || total
-------------------------+-------+-------++-------
Melee: War axe           |    66 |   123 ||   189
Armor: Scale mail        |    38 |    55 ||    93
Dodge: Dodged            |    36 |    49 ||    85
Block: Buckler           |    13 |    23 ||    36

Table legend: (Time is in decaauts)
 A = Elapsed time spent in this place.
 B = Non-inter-level travel time spent in this place.
 C = Inter-level travel time spent in this place.
 D = Time resting spent in this place.
 E = Time spent auto-exploring this place.
 F = Levels seen in this place.
 G = Mean time per level.
                   A        B        C        D        E       F      G
               +--------+--------+--------+--------+--------+-----+--------+
         Total |   3344 |   3291 |     53 |     93 |   2530 |   5 |  668.8 |
       Dungeon |   3344 |   3291 |     53 |     93 |   2530 |   5 |  668.8 |
               +--------+--------+--------+--------+--------+-----+--------+

Top non-repeatable levels by time:
     D:1: 1290 daAuts
     D:2: 765 daAuts
     D:4: 634 daAuts
     D:3: 588 daAuts
     D:5: 65 daAuts
